 Dungeon Crawl Stone Soup version 0.30-a0-29-g142975f185 (webtiles) character file.

Game seed: 14169282193777734346

7 kae the Firebug (level 1, 6/14 HPs)
             Began as a Demigod Fire Elementalist on Aug 25, 2022.
             Quit the game on level 1 of the Dungeon.
             The game lasted 00:00:18 (177 turns).

kae the Firebug (Demigod Fire Elementalist)          Turns: 177, Time: 00:00:19

Health: 6/14       AC:  2    Str:  7 (9)  XL:     1   Next: 66%
Magic:  3/5        EV: 12    Int: 14 (17) God:
Gold:   16         SH:  0    Dex: 11 (14) Spells: 2/3 levels left

rFire   . . .      SeeInvis .    (no weapon)
rCold   . . .      Faith    .    (no shield)
rNeg    . . .      Spirit   .    a - +0 robe
rPois   .          Reflect  .    (no helmet)
rElec   .          Harm     .    (no cloak)
rCorr   .          Rampage  .    (no gloves)
Will    .....                    (no boots)
Stlth   ++........               (no amulet)
HPRegen 0.04/turn                (no ring)
MPRegen 0.09/turn                (no ring)

@: no status effects
A: high MP 1, forlorn, divine attributes
a: no special abilities


You were on level 1 of the Dungeon.
You visited 1 branch of the dungeon, and saw 1 of its levels.

You collected 16 gold pieces.


Innate Abilities, Weirdness & Mutations

You have an increased reservoir of magic. (+10% MP)
You shall have no god before yourself.
Your divine heritage dramatically boosts your attributes as you level up.


   Skills:
 + Level 0.2 Fighting
 + Level 1.8 Dodging
 - Level 1.7 Stealth
 + Level 1.8 Spellcasting
 * Level 1.2 Conjurations
 * Level 2.8 Fire Magic


You had 2 spell levels left.
You knew the following spells:

 Your Spells              Type           Power      Damage    Failure   Level
a - Foxfire               Conj/Fire      24%        2x1d5     11%         1

Your spell library contained the following spells:

 Spells                   Type           Power      Damage    Failure   Level
 Scorch                   Fire           18%        2d5       12%         2
 Conjure Flame            Conj/Fire      6%         6-21      32%         3
 Inner Flame              Hex/Fire       5%         N/A       38%         3
 Flame Wave               Conj/Fire      6%         2d5       71%         4

Inventory:

Missiles
 d - 7 stones
Armour
 a - a +0 robe (worn)
Potions
 b - a potion of magic

Dungeon Overview and Level Annotations

Branches:
Dungeon (1/15) Zot: 5823

#.........#..
#.........#...
#.........# .
###.........######.#
....................#
####...h..h.#........
##.#hB...?..†....h
#.#h###...#......
#.#@# #...# ..... #
#.# #...# ?..) #.#
#...# .h. ..# #...#
.. #.# #...# . #..
....# ... r.... ###


You could see 3 jackals and a giant cockroach.


Message History

You kill the endoplasm!
Your Conjurations skill increases to level 1! 😕 MP[-1]
You lost 1 mp, and now have 1/5 mp.
Unknown command.
Your magical contamination has completely faded away.
c - a viscous coppery potion 😎 HP[+3] MP[+4]
Your hp is fully restored (14).
Your mp is fully restored (5).
You now have 16 gold pieces.
d - 7 stones A dart slug comes into view.
A dart slug is nearby!
A dart slug is nearby!
A dart slug is nearby!
Casting: Foxfire (safe; 10% risk of failure)
Confirm with . or Enter, or press ? or * to list all spells.
You conjure some foxfire! 😎 MP[-1]
You lost 1 mp, and now have 4/5 mp.
Casting: Foxfire (safe; 10% risk of failure)
Confirm with . or Enter, or press ? or * to list all spells.
You conjure some foxfire!
The foxfire hits the dart slug. x2
The foxfire hits the dart slug. x2
You kill the dart slug! 😎 MP[-1]
You lost 1 mp, and now have 3/5 mp.
A frilled lizard comes into view. 😎 MP[+1]
A frilled lizard is nearby!
A frilled lizard is nearby!
Casting: Foxfire (safe; 9% risk of failure)
Confirm with . or Enter, or press ? or * to list all spells.
You conjure some foxfire!
The foxfire hits the frilled lizard.
You kill the frilled lizard! 😎 MP[-1]
You lost 1 mp, and now have 3/5 mp.
Casting: Foxfire (safe; 9% risk of failure)
Confirm with . or Enter, or press ? or * to list all spells.
You miscast Foxfire.
You are very lightly contaminated with residual magic.
Nothing appears to happen. 😎 MP[-1]
You lost 1 mp, and now have 2/5 mp.
Your magical contamination has completely faded away. 😎 MP[+1]
A frilled lizard comes into view.
You see here 3 scrolls labelled UXYUHU IHONI. 😎 MP[+1]
A frilled lizard is nearby!
A frilled lizard is nearby! 2 jackals come into view.
The jackal barks!
You hear a bark!
A jackal comes into view.
Casting: Foxfire (safe; 9% risk of failure)
Confirm with . or Enter, or press ? or * to list all spells.
You conjure some foxfire!
The frilled lizard hisses angrily.
The jackal barks!
A giant cockroach comes into view.
The foxfire hits the frilled lizard. x2
You kill the frilled lizard!
A jackal comes into view. 😎 MP[-1]
You lost 1 mp, and now have 3/5 mp.
Casting: Foxfire (safe; 9% risk of failure)
Confirm with . or Enter, or press ? or * to list all spells.
You conjure some foxfire!
The foxfire hits the jackal. x2
You kill the jackal!
A jackal comes into view. x3
The jackal moves out of view. 😎 MP[-1]
You lost 1 mp, and now have 2/5 mp.
A rat comes into view.
You aren't carrying any scrolls.
Unknown command.
Okay, then.
The jackal attacks as you move away! The jackal bites you. x2
The jackal bites you but does no damage. 😮 HP[-4]
You take 4 damage, and now have 10/14 hp.
MASSIVE DAMAGE!! (PAUSE)
The jackal attacks as you move away! The jackal misses you.
The jackal attacks as you move away! The jackal closely misses you.
The giant cockroach waves its antennae.
The jackal bites you. 😮 HP[-2] MP[+1]
You take 2 damage, and now have 8/14 hp.
The jackal attacks as you move away! The jackal bites you.
* * * LOW HITPOINT WARNING * * *
😨 HP[-2]
You take 2 damage, and now have 6/14 hp.
The jackal misses you.
It was a potion of degeneration.
There was something very wrong with that liquid.
You feel weakened.
You feel dopey.
You feel clumsy.
You aren't carrying any items that you can evoke.
Unknown command.
Are you sure you want to abandon this character and quit the game? (Confirm with "yes".)

Skill      XL: |  1 |
---------------+----+-----
Conjurations   | 1 |  1.2
Fighting       | |  0.2
Dodging        | |  1.8
Stealth        | |  1.7
Spellcasting   | |  1.8
Fire Magic     | |  2.8

Action                   || total
-------------------------++-------
 Cast: Foxfire           ||     8
  Use: Potion            ||     1
Armor: Robe              ||     1
Dodge: Dodged            ||     4

Levels and vault maps discovered:
D:1:      minmay_arrival_doors, layout_basic,
          shapermc_ecumenical_altar_acropolis, st_stairs_3

Notes
Turn   | Place    | Note
-------+----------+-------------------------------------------
     0 | D:1      | kae the Demigod Fire Elementalist began the quest for the
                  | Orb.
     0 | D:1      | Reached XP level 1. HP: 14/14 MP: 5/5
     0 | D:1      | magus.rc [v1.11.3]
    38 | D:1      | Reached skill level 1 in Conjurations
   177 | D:1      | Quit the game

Vanquished Creatures
  A dart slug (D:1)
  An endoplasm (D:1)
  A jackal (D:1)
  2 frilled lizards (D:1)
5 creatures vanquished.

Vanquished Creatures (others)
  15 foxfires (D:1)
15 creatures vanquished.

Grand Total: 20 creatures vanquished

Table legend:
 A = Non-vault XP
 B = Vault XP
 C = Vault XP percentage of total XP
 D = Non-vault monster count
 E = Vault monster count
 F = Vault count percentage of total count
                 A         B        C        D         E       F
            +---------+---------+-------+---------+---------+-------
      Total |      10 |       0 |   0.0 |       5 |       0 |   0.0
            +---------+---------+-------+---------+---------+-------
        D:1 |      10 |       0 |   0.0 |       5 |       0 |   0.0
            +---------+---------+-------+---------+---------+-------

Illustrated notes

Table legend:
 A = Kills in this place as a percentage of kills in entire the game.
 B = Kills by you in this place as a percentage of kills by you in the entire game.
 C = Kills by friends in this place as a percentage of kills by friends in the entire game.
 D = Other kills in this place as a percentage of other kills in the entire game.
 E = Experience gained in this place as a percentage of experience gained in the entire game.
 F = Experience gained in this place divided by the number of levels of this place that you have seen.
                   A       B       C       D       E      F
               +-------+-------+-------+-------+-------+----------------------
         Total | 100.0 | 100.0 |   N/A |   N/A | 100.0 |  10.0
       Dungeon | 100.0 | 100.0 |   N/A |   N/A | 100.0 |  10.0
               +-------+-------+-------+-------+-------+----------------------

Table legend: (Time is in decaauts)
 A = Elapsed time spent in this place.
 B = Non-inter-level travel time spent in this place.
 C = Inter-level travel time spent in this place.
 D = Time resting spent in this place.
 E = Time spent auto-exploring this place.
 F = Levels seen in this place.
 G = Mean time per level.
                   A        B        C        D        E       F      G
               +--------+--------+--------+--------+--------+-----+--------+
         Total |    177 |    177 |      0 |      0 |    140 |   1 |  177.0 |
       Dungeon |    177 |    177 |      0 |      0 |    140 |   1 |  177.0 |
               +--------+--------+--------+--------+--------+-----+--------+

Top non-repeatable levels by time:
     D:1: 177 daAuts
